[ AOE2 MATCH · #505214932 ]
UnrankedAztecs vs Spanish
Player's team · WIN
Rival team · LOSS
[ REPLAY ANALYSIS · EXTRACTED FROM THE RECORDED GAME ]
Feudal
9:16
Castle
20:36
Imperial
—
| APM avg | 53.5 |
| APM peak | 85 |
| eAPM avg | 22.7 |
| Villagers / military | 57 / 78 |
Focus
⚔️ 36.3% · 🌾 63.7%
Eagle Scout ×36 · Monk ×17 · Skirmisher ×9 · Battering Ram ×6 · Militia ×5 · Spearman ×5
Feudal
8:51
Castle
22:04
Imperial
—
| APM avg | 58.7 |
| APM peak | 119 |
| eAPM avg | 28.1 |
| Villagers / military | 54 / 29 |
Focus
⚔️ 30.7% · 🌾 69.3%
Skirmisher ×13 · Scout Cavalry ×10 · Conquistador ×6
Match map
Initial resources + every placement click. Lines = walls · curves = elevation contours. ◆ gold · ⬟ stone · ● berries · ✦ relic · ◌ wall gap
Your base· Open — unwalled flank
★ DrumM ❿'s base· Open — 4t gap
Smoothed initial terrain · ◌ = detected wall gap · hover for details
Inputs per minute
— URU | KING RICO - - ★ DrumM ❿
Build order — URU | KING RICO
First 150 of 204 actions detected
| 0:00 | Create | Villager (Male) |
| 0:02 | Build | House |
| 0:02 | Build | House |
| 0:08 | Create | Villager (Male) |
| 0:08 | Create | Villager (Male) |
| 0:14 | Create | Villager (Male) |
| 0:15 | Create | Villager (Male) |
| 1:17 | Create | Villager (Male) |
| 1:17 | Create | Villager (Male) |
| 2:05 | Create | Villager (Male) |
| 2:05 | Create | Villager (Male) |
| 2:05 | Create | Villager (Male) |
| 2:11 | Build | Lumber Camp |
| 2:46 | Create | Villager (Male) |
| 2:46 | Create | Villager (Male) |
| 3:16 | Create | Villager (Male) |
| 3:16 | Create | Villager (Male) |
| 3:16 | Create | Villager (Male) |
| 3:34 | Create | Villager (Male) |
| 3:34 | Create | Villager (Male) |
| 3:55 | Build | House |
| 4:04 | Create | Villager (Male) |
| 4:21 | Create | Villager (Male) |
| 4:56 | Build | Mill |
| 5:07 | Create | Villager (Male) |
| 5:08 | Create | Villager (Male) |
| 5:08 | Create | Villager (Male) |
| 5:08 | Create | Villager (Male) |
| 6:09 | Research | Loom |
| 6:34 | Build | Barracks |
| 6:41 | Build | House |
| 7:06 | Research | Feudal Age |
| 7:06 | Research | Feudal Age |
| 7:25 | Create | Militia |
| 7:26 | Create | Militia |
| 7:36 | Create | Militia |
| 7:40 | Create | Militia |
| 8:08 | Build | Mill |
| 8:28 | Create | Villager (Male) |
| 9:16 | Age | Feudal Age |
| 9:18 | Research | Man-at-Arms (upgrade) |
| 9:21 | Create | Villager (Male) |
| 9:37 | Create | Villager (Male) |
| 9:39 | Build | Archery Range |
| 9:49 | Create | Spearman |
| 9:53 | Build | House |
| 9:56 | Build | House |
| 10:00 | Research | Town Watch |
| 10:03 | Build | Farm |
| 10:04 | Build | Farm |
| 10:05 | Build | Farm |
| 10:11 | Build | Farm |
| 10:16 | Create | Villager (Male) |
| 10:26 | Create | Skirmisher |
| 10:45 | Create | Villager (Male) |
| 10:51 | Create | Spearman |
| 11:01 | Create | Skirmisher |
| 11:06 | Build | House |
| 11:08 | Build | House |
| 11:15 | Create | Villager (Male) |
| 11:21 | Create | Spearman |
| 11:42 | Create | Skirmisher |
| 11:44 | Build | Farm |
| 11:49 | Build | Farm |
| 11:50 | Create | Villager (Male) |
| 12:05 | Create | Skirmisher |
| 12:09 | Create | Villager (Male) |
| 12:35 | Research | Double-Bit Axe |
| 13:02 | Create | Spearman |
| 13:03 | Create | Villager (Male) |
| 13:04 | Build | Farm |
| 13:06 | Build | Farm |
| 13:15 | Create | Villager (Male) |
| 13:31 | Create | Villager (Male) |
| 13:33 | Build | Farm |
| 13:36 | Build | House |
| 13:59 | Create | Villager (Male) |
| 14:15 | Build | Farm |
| 14:16 | Build | Farm |
| 14:20 | Build | House |
| 14:30 | Create | Spearman |
| 14:33 | Create | Villager (Male) |
| 14:36 | Build | Farm |
| 14:37 | Build | Farm |
| 14:49 | Create | Villager (Male) |
| 14:50 | Create | Skirmisher |
| 14:50 | Create | Skirmisher |
| 15:23 | Create | Villager (Male) |
| 15:25 | Build | Mining Camp |
| 15:34 | Build | Blacksmith |
| 15:46 | Create | Skirmisher |
| 15:51 | Create | Villager (Male) |
| 16:15 | Create | Villager (Male) |
| 16:15 | Create | Villager (Male) |
| 16:24 | Create | Skirmisher |
| 16:25 | Create | Skirmisher |
| 16:27 | Research | Fletching |
| 16:31 | Build | House |
| 16:43 | Build | Palisade Wall |
| 16:59 | Create | Villager (Male) |
| 17:27 | Build | House |
| 17:27 | Build | House |
| 17:46 | Build | Mining Camp |
| 17:48 | Build | Lumber Camp |
| 17:56 | Research | Castle Age |
| 17:56 | Research | Castle Age |
| 18:12 | Build | Barracks |
| 19:12 | Create | Eagle Scout |
| 19:19 | Research | Gold Mining |
| 19:22 | Create | Eagle Scout |
| 19:26 | Research | Scale Mail Armor |
| 19:32 | Research | Horse Collar |
| 19:40 | Build | Farm |
| 19:55 | Create | Eagle Scout |
| 19:56 | Create | Eagle Scout |
| 19:59 | Create | Villager (Male) |
| 20:36 | Age | Castle Age |
| 20:39 | Research | Squires |
| 20:50 | Build | Farm |
| 20:52 | Research | Eagle Warrior (upgrade) |
| 20:59 | Build | Monastery |
| 21:04 | Create | Villager (Male) |
| 21:21 | Create | Eagle Scout |
| 21:21 | Create | Eagle Scout |
| 21:28 | Create | Eagle Scout |
| 21:33 | Build | Barracks |
| 21:33 | Create | Monk |
| 21:39 | Create | Villager (Male) |
| 21:40 | Create | Villager (Male) |
| 22:11 | Build | Monastery |
| 22:12 | Create | Monk |
| 22:20 | Create | Eagle Scout |
| 22:21 | Create | Eagle Scout |
| 22:52 | Create | Eagle Scout |
| 22:52 | Create | Eagle Scout |
| 23:06 | Create | Monk |
| 23:06 | Create | Monk |
| 23:09 | Build | Siege Workshop |
| 23:09 | Create | Eagle Scout |
| 23:10 | Create | Eagle Scout |
| 23:16 | Create | Villager (Male) |
| 23:48 | Create | Monk |
| 23:48 | Create | Monk |
| 23:51 | Build | House |
| 23:52 | Create | Villager (Male) |
| 23:52 | Create | Villager (Male) |
| 23:59 | Research | Bow Saw |
| 24:07 | Research | Sanctity |
| 24:16 | Research | Fervor |
| 24:16 | Research | Fervor |
Build order — ★ DrumM ❿
First 150 of 181 actions detected
| 0:01 | Create | Villager (Male) |
| 0:02 | Build | House |
| 0:03 | Build | House |
| 0:04 | Build | House |
| 0:10 | Create | Villager (Male) |
| 0:10 | Create | Villager (Male) |
| 0:19 | Create | Villager (Male) |
| 1:23 | Create | Villager (Male) |
| 1:43 | Create | Villager (Male) |
| 1:54 | Build | Lumber Camp |
| 2:14 | Create | Villager (Male) |
| 2:34 | Create | Villager (Male) |
| 3:11 | Create | Villager (Male) |
| 3:25 | Build | House |
| 3:37 | Create | Villager (Male) |
| 3:53 | Create | Villager (Male) |
| 4:04 | Create | Villager (Male) |
| 4:31 | Create | Villager (Male) |
| 4:54 | Create | Villager (Male) |
| 5:45 | Create | Villager (Male) |
| 5:50 | Build | Mill |
| 6:04 | Research | Loom |
| 6:41 | Research | Feudal Age |
| 7:07 | Build | Palisade Wall |
| 7:17 | Build | Palisade Wall |
| 7:18 | Build | Palisade Wall |
| 7:20 | Build | Palisade Wall |
| 7:35 | Build | Barracks |
| 7:40 | Build | Palisade Wall |
| 7:47 | Create | Villager (Male) |
| 7:51 | Build | Palisade Wall |
| 7:52 | Build | Palisade Wall |
| 7:53 | Build | Palisade Wall |
| 8:39 | Build | Palisade Wall |
| 8:45 | Build | Palisade Wall |
| 8:51 | Age | Feudal Age |
| 9:04 | Create | Villager (Male) |
| 9:15 | Build | Stable |
| 9:17 | Build | House |
| 9:19 | Build | Palisade Wall |
| 9:20 | Build | House |
| 9:23 | Build | House |
| 9:24 | Build | Palisade Wall |
| 9:38 | Create | Villager (Male) |
| 9:41 | Research | Double-Bit Axe |
| 9:54 | Create | Villager (Male) |
| 9:57 | Create | Scout Cavalry |
| 9:57 | Create | Scout Cavalry |
| 10:16 | Create | Villager (Male) |
| 10:39 | Build | Farm |
| 10:39 | Build | Farm |
| 10:41 | Build | Farm |
| 10:59 | Build | Farm |
| 11:03 | Create | Villager (Male) |
| 11:07 | Build | Farm |
| 11:21 | Build | Palisade Gate |
| 11:41 | Create | Villager (Male) |
| 11:41 | Create | Scout Cavalry |
| 12:02 | Create | Villager (Male) |
| 12:04 | Build | Archery Range |
| 12:13 | Build | Farm |
| 12:14 | Build | Farm |
| 12:41 | Create | Skirmisher |
| 12:41 | Create | Skirmisher |
| 12:50 | Build | Farm |
| 12:50 | Create | Villager (Male) |
| 13:00 | Create | Skirmisher |
| 13:02 | Create | Villager (Male) |
| 13:05 | Build | Farm |
| 13:14 | Build | Farm |
| 13:22 | Create | Skirmisher |
| 13:28 | Build | House |
| 13:34 | Build | Palisade Wall |
| 13:37 | Build | Palisade Wall |
| 13:38 | Create | Villager (Male) |
| 13:54 | Create | Villager (Male) |
| 13:57 | Build | House |
| 14:03 | Create | Skirmisher |
| 14:09 | Build | Farm |
| 14:10 | Build | Farm |
| 14:10 | Build | Farm |
| 14:27 | Create | Villager (Male) |
| 14:28 | Create | Skirmisher |
| 14:30 | Build | Farm |
| 14:32 | Build | Farm |
| 14:42 | Create | Skirmisher |
| 14:49 | Build | Farm |
| 14:55 | Create | Villager (Male) |
| 15:20 | Create | Skirmisher |
| 15:24 | Create | Villager (Male) |
| 15:27 | Build | Mining Camp |
| 15:42 | Create | Villager (Male) |
| 15:47 | Create | Scout Cavalry |
| 16:00 | Create | Villager (Male) |
| 16:05 | Build | Blacksmith |
| 16:14 | Create | Villager (Male) |
| 16:39 | Build | House |
| 16:43 | Research | Fletching |
| 17:23 | Create | Villager (Male) |
| 17:26 | Create | Villager (Male) |
| 17:28 | Build | Market |
| 17:42 | Create | Skirmisher |
| 17:45 | Create | Skirmisher |
| 17:58 | Build | Lumber Camp |
| 19:05 | Create | Skirmisher |
| 19:24 | Research | Castle Age |
| 19:24 | Research | Castle Age |
| 19:41 | Create | Skirmisher |
| 19:41 | Create | Skirmisher |
| 19:49 | Build | Mining Camp |
| 20:00 | Build | Lumber Camp |
| 20:10 | Research | Padded Archer Armor |
| 20:26 | Build | Farm |
| 20:28 | Research | Gold Mining |
| 20:34 | Research | Horse Collar |
| 20:34 | Research | Horse Collar |
| 21:05 | Build | Palisade Wall |
| 21:56 | Build | House |
| 22:00 | Create | Villager (Male) |
| 22:04 | Age | Castle Age |
| 22:13 | Build | Castle |
| 22:15 | Build | Palisade Wall |
| 22:19 | Build | Palisade Wall |
| 22:20 | Build | Palisade Wall |
| 22:25 | Build | House |
| 22:27 | Build | Farm |
| 22:28 | Build | Farm |
| 22:29 | Build | Farm |
| 22:29 | Create | Villager (Male) |
| 22:30 | Create | Villager (Male) |
| 22:44 | Build | Farm |
| 22:44 | Create | Villager (Male) |
| 22:47 | Research | Bow Saw |
| 22:47 | Research | Bow Saw |
| 23:26 | Create | Conquistador |
| 23:27 | Create | Conquistador |
| 23:32 | Build | Mining Camp |
| 23:47 | Create | Conquistador |
| 23:57 | Create | Villager (Male) |
| 24:23 | Create | Villager (Male) |
| 24:29 | Build | Farm |
| 24:30 | Build | Farm |
| 24:30 | Build | Farm |
| 24:42 | Create | Villager (Male) |
| 24:53 | Create | Villager (Male) |
| 24:55 | Build | Farm |
| 24:58 | Build | House |
| 25:08 | Create | Conquistador |
| 25:12 | Create | Scout Cavalry |
| 25:16 | Build | Farm |
Match timeline
| 6:34 | URU | KING RICO · first_building Barracks |
| 7:07 | ★ DrumM ❿ · wall_segment Palisade Wall x1 |
| 7:17 | ★ DrumM ❿ · wall_segment Palisade Wall x1 |
| 7:18 | ★ DrumM ❿ · wall_segment Palisade Wall x1 |
| 7:20 | ★ DrumM ❿ · wall_segment Palisade Wall x1 |
| 7:35 | ★ DrumM ❿ · first_building Barracks |
| 7:40 | ★ DrumM ❿ · wall_segment Palisade Wall x7 |
| 7:51 | ★ DrumM ❿ · wall_segment Palisade Wall x1 |
| 7:52 | ★ DrumM ❿ · wall_segment Palisade Wall x1 |
| 7:53 | ★ DrumM ❿ · wall_segment Palisade Wall x1 |
| 8:39 | ★ DrumM ❿ · wall_segment Palisade Wall x1 |
| 8:45 | ★ DrumM ❿ · wall_segment Palisade Wall x1 |
| 8:51 | ★ DrumM ❿ · age_up feudal |
| 9:15 | ★ DrumM ❿ · first_building Stable |
| 9:16 | URU | KING RICO · age_up feudal |
| 9:19 | ★ DrumM ❿ · wall_segment Palisade Wall x1 |
| 9:24 | ★ DrumM ❿ · wall_segment Palisade Wall x1 |
| 9:39 | URU | KING RICO · first_building Archery Range |
| 12:04 | ★ DrumM ❿ · first_building Archery Range |
| 13:34 | ★ DrumM ❿ · wall_segment Palisade Wall x1 |
| 13:37 | ★ DrumM ❿ · wall_segment Palisade Wall x1 |
| 16:43 | URU | KING RICO · wall_segment Palisade Wall x1 |
| 19:12 | ★ DrumM ❿ · first_market_buy 100 food |
| 19:12 | ★ DrumM ❿ · first_market_sell 100 wood |
| 20:36 | URU | KING RICO · age_up castle |
| 20:59 | URU | KING RICO · first_building Monastery |
| 21:05 | ★ DrumM ❿ · wall_segment Palisade Wall x1 |
| 22:04 | ★ DrumM ❿ · age_up castle |
| 22:13 | ★ DrumM ❿ · first_building Castle |
| 22:15 | ★ DrumM ❿ · wall_segment Palisade Wall x1 |
| 22:19 | ★ DrumM ❿ · wall_segment Palisade Wall x1 |
| 22:20 | ★ DrumM ❿ · wall_segment Palisade Wall x1 |
| 23:09 | URU | KING RICO · first_building Siege Workshop |
| 26:11 | ★ DrumM ❿ · wall_segment Palisade Wall x1 |
| 26:14 | ★ DrumM ❿ · wall_segment Palisade Wall x1 |
| 26:15 | URU | KING RICO · first_market_sell 100 food |
| 26:33 | ★ DrumM ❿ · wall_segment Palisade Wall x1 |
| 26:34 | ★ DrumM ❿ · wall_segment Palisade Wall x1 |
| 29:48 | ★ DrumM ❿ · resign |
[ AI ANALYSIS · 1 CREDIT ]
What really happened in this match?
Wolo.gg analyzes every decision: build order, eco, micro, common mistakes by bracket. Personalized analysis on WhatsApp or Discord in 30 seconds.
Civ guide
Aztecs
Perfil
Jugador #4410907